Map: Dusk Towers

Players

Gemini

  • Race: Protoss Protoss
  • League: Master

A.I. 1 (Very Easy) - Winner!

  • Race: Terran Terran

VOD

Have the link to the VOD?

Description

Time

  • Played on: Dec. 27, 2015, 2:06 p.m.
  • Length: 5:58
Show
View Real Time Build Order
Export as new Build Order

Gemini Protoss 

Build Orders: 1 Gate Expand, Mass Adepts 

Get SALT Encoding   

  12  0:01  Probe (Chrono Boost)  
  13  0:11  Probe (Chrono Boost)  
  14  0:19  Pylon  
  14  0:22  Probe (Chrono Boost)  
  15  0:37  Probe (Chrono Boost)  
  15  0:38  Gateway  
  16  0:43  Assimilator  
  16  0:47  Probe (Chrono Boost)  
  17  0:58  Probe (Chrono Boost)  
  18  1:08  Probe (Chrono Boost)  
  19  1:21  Nexus  
  19  1:25  Probe (Chrono Boost)  
  20  1:40  Cybernetics Core  
  20  1:41  Probe (Chrono Boost)  
  20  1:47  Assimilator  
  21  1:52  Probe (Chrono Boost)  
  22  1:56  Pylon  
  22  2:02  Probe (Chrono Boost)  
  23  2:13  Warp Gate (Chrono Boost)  
  23  2:14  Probe (Chrono Boost)  
  24  2:17  Adept (Chrono Boost)  
  26  2:26  Robotics Facility  
  26  2:29  Probe  
  27  2:33  Probe  
  28  2:41  Adept  
  30  2:57  Gateway  
  30  2:58  Gateway  
  30  3:05  Gateway  
  30  3:09  Mothership Core  
  32  3:17  Probe  
  33  3:23  Warp Prism (Chrono Boost)  
  35  3:34  Pylon  
  35  3:38  Pylon  
  35  3:46  Probe  
  36  3:55  Observer (Chrono Boost)  
  37  4:09  Stalker x4  
  45  4:12  Probe x2 (Chrono Boost)  
  47  4:17  Pylon  
  47  4:23  Observer  
  48  4:27  Probe x2 (Chrono Boost)  
  50  4:37  Adept x3  
  56  4:38  Adept  
  58  4:49  Probe (Chrono Boost)  
  58  4:50  Probe (Chrono Boost)  
  60  4:59  Adept x4  
  68  5:01  Probe (Chrono Boost)  
  68  5:03  Probe (Chrono Boost)  
  70  5:29  Pylon  
  70  5:30  Pylon x2  
Show
View Real Time Build Order
Export as new Build Order

A.I. 1 (Very Easy) Terran - Winner!

Build Orders: Reaper Expand 

Get SALT Encoding   

  12  0:00  SCV  
  13  0:13  SCV  
  14  0:19  Supply Depot  
  14  0:43  Barracks  
  14  1:02  Command Center  
  14  1:31  Supply Depot, Marine, Orbital Command  
  15  1:39  Refinery  
  15  1:51  Refinery  
  15  1:57  SCV  
  16  2:09  SCV  
  16  2:15  SCV  
  18  2:19  Reaper  
  18  2:22  SCV  
  20  2:29  SCV  
  21  2:36  SCV  
  22  2:37  Refinery  
  22  2:43  SCV  
  23  2:50  SCV  
  24  2:57  SCV  
  25  2:59  Marine  
  25  3:05  SCV  
  27  3:12  SCV  
  28  3:18  Factory  
  29  3:20  SCV  
  28  3:40  Marine  
  29  3:41  Refinery  
  29  3:42  SCV  
  30  3:50  SCV  
  31  3:57  SCV  
  31  4:00  Supply Depot  
  32  4:04  SCV  
  32  4:07  Starport  
  33  4:11  SCV  
  34  4:18  SCV  
  34  4:21  Reaper  
  36  4:25  SCV  
  37  4:33  SCV  
  37  4:38  Supply Depot  
  38  4:40  SCV  
  36  4:46  Starport Tech Lab  
  36  4:47  SCV  
  36  4:50  Hellion  
  30  4:54  SCV  
  30  4:55  Barracks Tech Lab  
  26  5:01  SCV  
  26  5:04  Raven  
  23  5:09  SCV  
  21  5:16  SCV  
  21  5:18  Hellion  
  24  5:23  SCV  
  24  5:30  SCV  
  25  5:37  SCV  
  23  5:44  SCV  
  23  5:48  Starport Tech Lab  
  24  5:57  Starport Tech Lab  
Tags
 
Add a new tag
Caveats
  • Supply blocks, unpowered buildings, or Contaminate may cause inaccurate times.
  • Supply counts are checked every 10 seconds.